 Dungeon Crawl Stone Soup version 0.17.0-23-g0de4337 (webtiles) character file.

85189 Vatticson the Severer (level 15, -9/147 HPs)
             Began as a Minotaur Berserker on Nov 12, 2015.
             Was a High Priest of Trog.
             Hit by a large rock thrown by a stone giant (17 damage)
             ... on level 1 of the Depths on Nov 13, 2015.
             The game lasted 02:16:34 (26773 turns).

Vatticson the Severer (Minotaur Berserker)         Turns: 26773, Time: 02:16:34

Health: -9/147     AC: 25    Str: 28    XL:     15   Next: 37%
Magic:  0/14       EV: 10    Int:  4    God:    Trog [*****.]
Gold:   1639       SH:  0    Dex: 10    Spells: 0 memorised, 14 levels left

rFire  + . .     SeeInvis .     m - +8 battleaxe of Ruination {flame, MR+}
rCold  . . .     Clarity  .     I - +4 chain mail {rPois}
rNeg   . . .     SustAt   .     (shield currently unavailable)
rPois  +         Gourm    .     (helmet restricted)
rElec  .         Spirit   +     Z - +0 cloak
rCorr  .         Warding  .     s - +1 pair of gloves
rMut   .         Stasis   .     L - +1 pair of boots
MR     ++...                    D - amulet of guardian spirit
Stlth  ..........               d - ring of protection from fire
                                h - ring of poison resistance

@: about to teleport, very resistant to hostile enchantments, extremely
unstealthy
A: retaliatory headbutt, horns 2, poison resistance, spit poison 1
a: Spit Poison, Berserk, Trog's Hand, Brothers in Arms, Burn Spellbooks,
Renounce Religion


You were on level 1 of the Depths.
You worshipped Trog.
Trog was extremely pleased with you.
You were not hungry.

You visited 4 branches of the dungeon, and saw 25 of its levels.

You collected 1854 gold pieces.
You spent 215 gold pieces at shops.

Inventory:

Hand Weapons
 m - the +8 battleaxe of Ruination (weapon) {flame, MR+}
   (Trog gifted it to you on level 15 of the Dungeon)

   It has been specially enchanted to burn those struck by it, causing extra
   injury to most foes and up to half again as much damage against particularly
   susceptible opponents.
   Big, fiery blades are also staple armaments of hydra-hunters.
   It affects your resistance to hostile enchantments.
 w - a +3 antimagic war axe
 C - a +8 executioner's axe of venom
 F - a +1 greatsling of velocity
 O - a +2 executioner's axe of chopping
Missiles
 y - a throwing net (quivered)
Armour
 a - a +4 scale mail of cold resistance
 s - a +1 pair of gloves (worn)
 I - a +4 chain mail of poison resistance (worn)
 L - a +1 pair of boots (worn)
 Z - a +0 cloak (worn)
Jewellery
 d - a ring of protection from fire (right hand)
 h - a ring of poison resistance (left hand)
 p - an uncursed ring of see invisible
 v - an uncursed amulet of rage
 D - an amulet of guardian spirit (around neck)
Wands
 b - a wand of fire (9)
 e - a wand of flame (4)
 x - a wand of magic darts (10)
 K - a wand of paralysis (22)
 Q - a wand of flame (21)
 U - a wand of polymorph (9)
 W - a wand of slowing (31)
 Y - a wand of polymorph (8)
Scrolls
 q - 9 scrolls of remove curse
 t - 3 scrolls of magic mapping
 u - a scroll of holy word
 A - 3 scrolls of teleportation
 N - a scroll of identify
Potions
 g - 4 potions of flight
 j - 2 potions of mutation
 k - 4 potions of berserk rage
 n - 2 potions of ambrosia
 o - a potion of haste
 r - a potion of magic
 z - a potion of lignification
 B - 4 potions of brilliance
 E - a potion of curing
 H - a potion of cancellation
 X - a potion of might {unknown}
Books
 G - a Fen Folio

   Spells                             Type                      Level
   a - Corpse Rot                     Necromancy                   2
   b - Stone Arrow                    Conjuration/Earth            3
   c - Leda's Liquefaction            Hexes/Earth                  4
   d - Summon Forest                  Summoning/Translocation      5
   e - Hydra Form                     Transmutation                6
   f - Summon Hydra                   Summoning                    7
   Trog disapproves of the use of such an item.
 M - a book of the Dragon

   Spells                             Type                      Level
   a - Flame Tongue                   Conjuration/Fire             1
   b - Cause Fear                     Hexes                        4
   c - Bolt of Fire                   Conjuration/Fire             6
   d - Dragon Form                    Transmutation                7
   e - Dragon's Call                  Summoning                    9
   Trog disapproves of the use of such an item.
Miscellaneous
 l - a legendary deck of destruction {drawn: 1}
 V - a lantern of shadows
Comestibles
 c - 15 bread rations
 f - 3 royal jellies
 i - 2 meat rations
 J - 4 beef jerkies
 P - 4 slices of pizza
 R - 4 fruits


   Skills:
 + Level 17.6 Fighting
 * Level 20.3 Axes
 + Level 16.1 Armour
 - Level 2.4 Dodging


You had 14 spell levels left.
You didn't know any spells.

Dungeon Overview and Level Annotations

Branches:
Dungeon (15/15)            Temple (0/1) D:7            Lair (8/8) D:10
  Swamp (0/4) Lair:3       Spider (0/4) Lair:6        Slime (0/6) Lair:6
    Orc (0/4) D:10         Vaults (0/5) D:14         Depths (1/5) D:15
   Hell (1/1)
    Dis: Hell:1         Geh: Hell:1         Coc: Hell:1         Tar: Hell:1

Altars:
Cheibriados
Elyvilon
Gozag
Kikubaaqudgha
Makhleb
Nemelex Xobeh
Qazlal
Ru
Sif Muna
Trog
Xom
Yredelemnul
Zin
Jiyva

Shops:
D:7 *

Portals:
Hell: Lair:8 Depths:1
Abyss: Depths:1

Annotations:
Hell Geryon


Innate Abilities, Weirdness & Mutations

You reflexively headbutt those who attack you in melee.
You have a pair of horns on your head.
Your system is resistant to poisons.
You can spit weak poison.


Message History

You slice the stone giant!! You burn the stone giant!
The stone giant is severely wounded.
The stone giant hits you!!
You hit the stone giant but do no damage.
You headbutt the stone giant, but do no damage.
The stone giant is severely wounded.
You hit the stone giant but do no damage.
The stone giant is severely wounded.
The stone giant hits you!!
* * * LOW HITPOINT WARNING * * *
The stone giant throws a large rock.
The large rock hits you!!
* * * LOW HITPOINT WARNING * * *
You see here 2 large rocks.
Drink which item? (? for menu, Esc to quit)
Okay, then.
Read which item? (? for menu, Esc to quit)
As you read the scroll of teleportation, it crumbles to dust.
You feel strangely unstable.
The stone giant throws a large rock.
The large rock hits you!!
You die...

******,...##* *,,,,,
**,,,,*,,....#* *,****
*,,,,,,,,,....* *,,,,*
,,,≈≈≈≈≈≈≈,...* *,,,,*
,,≈≈****#≈≈,..* *,**** ,,≈∩*
*#≈,#.* *,,*,, ,,≈**
##≈.#.############ *,,,,, ,,≈**
#∩≈...C(......(..# *,,,**
,,≈≈****#≈≈..'..@....<...#**,,,,*
,,,≈≈≈≈≈≈≈..##.(.........+,,,,,,,
,,,,,,,....,*#...>..(....#**,,,,,
,,,,,,,...,,*#......(....# ***,,,
,,,,,,,..,+,*#........∩..# **,,
,,,,,,,.,,***#.....(.....# ***
,,,,,,,,,,* #...........# *
**+******** ######+###### *
*,,**** *,,,,,*


You could see a stone giant.

Vanquished Creatures
  Frances (D:14)
  A stone giant (Depths:1)
  Nessos (D:13)
  A dire elephant (Lair:8)
  2 catoblepae
  A rakshasa (D:15)
  9 hydras
  2 centaur warriors
  6 death yaks (Lair:8)
  A sun demon (Lair:8)
  3 skeletal warriors (D:14)
  2 unseen horrors
  A deep troll (D:14)
  2 wizards
  5 hill giants
  2 manticores
  14 ugly things
  The ghost of timbw the Cleaver, a novice VSBe of Trog (Lair:2)
  A necromancer (Lair:4)
  A sixfirhy (Lair:8)
  4 slime creatures (D:15)
  9 elephants (Lair:7)
  A hornet (shapeshifter) (D:15)
  2 cyclopes
  A griffon (Lair:8)
  Maurice (D:8)
  7 black mambas
  2 orange demons (Lair:8)
  7 spiny frogs
  A gargoyle (D:14)
  A smoke demon (Lair:8)
  9 komodo dragons
  2 kobold demonologists
  3 two-headed ogres
  A red devil (Lair:8)
  5 fire drakes
  5 blue devils
  15 blink frogs
  2 polar bears
  3 trolls
  2 wyverns
  17 hippogriffs
  10 yaks
  A spriggan (Lair:8)
  6 basilisks
  2 wraiths (D:12)
  3 deep elf magi
  A human (shapeshifter) (D:15)
  5 hungry ghosts
  A human (D:8)
  A redback simulacrum (D:14)
  8 vampire mosquitoes
  28 wolves
  2 soldier ants
  11 porcupines
  17 water moccasins
  A hell hound (Lair:8)
  A swamp drake (D:10)
  4 orc warriors
  2 black bears
  5 ogres
  5 ice beasts
  8 sky beasts
  8 spiders (Lair:6)
  22 centaurs
  2 eyes of draining
  4 boggarts (D:15)
  15 crocodiles
  2 big kobolds
  29 giant frogs
  16 wights
  5 scorpions
  An electric eel (Lair:7)
  20 killer bees
  12 crimson imps
  4 centaur zombies
  6 hounds
  2 giant frog zombies (D:12)
  14 iguanas
  A gnoll shaman (D:4)
  4 jellies
  2 quasits
  A yak simulacrum (Lair:4)
  6 centaur skeletons
  5 orc priests
  Terence (D:2)
  17 orc wizards
  3 polar bear simulacra (Lair:4)
  A hell rat (Lair:5)
  7 worker ants
  A giant frog simulacrum (D:11)
  9 sheep
  2 wolf simulacra (Lair:4)
  2 hound skeletons (D:6)
  2 worker ant zombies
  13 adders
  5 gnolls
  A shadow imp (D:12)
  36 river rats
  3 oozes
  2 worms
  6 giant geckos
  55 orcs
  A ball python (D:3)
  8 bats
  11 giant cockroaches
  10 goblins
  4 hobgoblins
  18 jackals
  34 kobolds
  A giant gecko skeleton (D:4)
  2 giant gecko zombies
  5 giant newts
  6 quokkas
  A quokka skeleton (D:6)
  14 rats
  5 river rat simulacra (Lair:4)
  A spectral orc (D:2)
  4 fungi
  7 plants
758 creatures vanquished.

Vanquished Creatures (collateral kills)
  Josephine (Lair:5)
  3 hydras
  2 death yaks (Lair:5)
  4 ugly things
  A manticore (D:14)
  A torpor snail (Lair:5)
  A blue devil (Lair:8)
  A boulder beetle (shapeshifter) (D:15)
  4 yaks (Lair:2)
  3 wraiths (Lair:5)
  A basilisk (Lair:2)
  A wolf (Lair:8)
  A steam dragon (D:14)
  A water moccasin (Lair:2)
  A hell hound (Lair:8)
  A porcupine (Lair:5)
  A phantom (D:14)
  A boggart (D:15)
  A crimson imp (D:14)
  3 river rats (Lair:7)
  2 rats (Lair:5)
35 creatures vanquished.

Vanquished Creatures (others)
  4 bushes (Lair:8)
  5 fungi
  7 plants
16 creatures vanquished.

Grand Total: 809 creatures vanquished

Notes
Turn   | Place    | Note
--------------------------------------------------------------
     0 | D:1      | Vatticson the Minotaur Berserker began the quest for the Orb.
     0 | D:1      | Reached XP level 1. HP: 19/19 MP: 0/0
    40 | D:1      | Reached skill level 4 in Fighting
    93 | D:1      | Reached XP level 2. HP: 27/27 MP: 1/1
   539 | D:1      | Reached ** piety under Trog
   652 | D:1      | Reached XP level 3. HP: 27/34 MP: 2/2
   916 | D:2      | Reached XP level 4. HP: 41/41 MP: 3/3
  1169 | D:2      | Noticed Terence
  1177 | D:2      | Killed Terence
  1177 | D:2      | Reached skill level 5 in Axes
  1420 | D:2      | Found a basalt altar of Yredelemnul.
  1837 | D:3      | Reached XP level 5. HP: 38/47 MP: 4/4
  1841 | D:3      | Reached *** piety under Trog
  2118 | D:3      | Found a glowing silver altar of Zin.
  2118 | D:3      | Found a shimmering altar of Xom.
  2118 | D:3      | Noticed an angel
  2428 | D:4      | Reached skill level 5 in Fighting
  2470 | D:4      | Reached XP level 6. HP: 56/56 MP: 5/5
  2677 | D:4      | Found a snail-covered altar of Cheibriados.
  2780 | D:4      | Reached skill level 6 in Axes
  3001 | D:5      | Entered Level 5 of the Dungeon
  3050 | D:5      | Reached **** piety under Trog
  3060 | D:5      | Reached skill level 5 in Armour
  3164 | D:5      | Found an ancient bone altar of Kikubaaqudgha.
  3167 | D:5      | Found an opulent altar of Gozag.
  3170 | D:5      | Found a deep blue altar of Sif Muna.
  3473 | D:5      | Gained mutation: Your system is resistant to poisons. [potion of beneficial mutation]
  3479 | D:5      | Reached skill level 7 in Axes
  3479 | D:5      | Reached XP level 7. HP: 20/62 MP: 2/6
  4224 | D:5      | Reached skill level 8 in Axes
  4529 | D:6      | Upgraded the game from 0.17.0-22-g5edae84 to 0.17.0-23-g0de4337
  4781 | D:6      | Reached XP level 8. HP: 55/71 MP: 5/7
  5064 | D:6      | Noticed a hill giant
  5076 | D:6      | Killed a hill giant
  5076 | D:6      | Reached skill level 9 in Axes
  5536 | D:6      | Reached ***** piety under Trog
  5536 | D:6      | Reached skill level 10 in Axes
  5744 | D:6      | Found a bloodstained altar of Trog.
  5754 | D:6      | Reached XP level 9. HP: 61/81 MP: 6/8
  6001 | D:6      | Noticed a wyvern
  6010 | D:6      | Killed a wyvern
  7069 | D:7      | Found a sparkling altar of Nemelex Xobeh.
  7122 | D:7      | Found a burning altar of Makhleb.
  7126 | D:7      | Reached skill level 11 in Axes
  7267 | D:7      | Found a staircase to the Ecumenical Temple.
  7284 | D:7      | Reached skill level 10 in Fighting
  7682 | D:7      | Reached XP level 10. HP: 84/94 MP: 9/9
  7732 | D:7      | Found Teusae's General Store.
  7735 | D:7      | Bought a throwing net for 30 gold pieces
  7735 | D:7      | Bought a +2 chain mail of poison resistance for 185 gold pieces
  8372 | D:8      | Found a bloodstained altar of Trog.
  8396 | D:8      | Noticed Maurice
  8421 | D:8      | Killed Maurice
  8618 | D:8      | Found a sacrificial altar of Ru.
  8618 | D:8      | Found a white marble altar of Elyvilon.
  9098 | D:9      | Found a stormy altar of Qazlal.
  9523 | D:9      | Reached skill level 10 in Armour
  9630 | D:9      | Reached skill level 12 in Fighting
  9632 | D:9      | Received a gift from Trog
  9900 | D:10     | Entered Level 10 of the Dungeon
 10030 | D:10     | Found a staircase to the Orcish Mines.
 10523 | D:10     | Reached XP level 11. HP: 89/105 MP: 7/10
 10628 | D:10     | Found a staircase to the Lair.
 10756 | Lair:1   | Entered Level 1 of the Lair of Beasts
 10768 | Lair:1   | Reached skill level 13 in Fighting
 11369 | Lair:1   | Received a gift from Trog
 11730 | Lair:2   | Noticed timbw's ghost (novice VSBe)
 11742 | Lair:2   | Killed timbw's ghost
 12299 | Lair:2   | Reached skill level 14 in Axes
 12774 | Lair:3   | Found a staircase to the Swamp.
 13139 | Lair:3   | Noticed a four-headed hydra
 13145 | Lair:3   | Killed a five-headed hydra
 13145 | Lair:3   | Reached XP level 12. HP: 101/117 MP: 8/11
 13279 | Lair:3   | Received a gift from Trog
 13456 | Lair:3   | Noticed a five-headed hydra
 13460 | Lair:3   | Killed an eight-headed hydra
 13911 | Lair:4   | Noticed a four-headed hydra
 13919 | Lair:4   | Killed a seven-headed hydra
 14219 | Lair:4   | Reached skill level 15 in Axes
 15141 | Lair:5   | Noticed Josephine
 15148 | Lair:5   | Killed Josephine
 15254 | Lair:5   | Noticed a five-headed hydra
 15261 | Lair:5   | Killed a nine-headed hydra
 15588 | Lair:5   | Noticed an eight-headed hydra
 15591 | Lair:5   | Received a gift from Trog
 15592 | Lair:5   | Noticed a six-headed hydra
 15595 | Lair:5   | Gained mutation: You can spit weak poison. [potion of beneficial mutation]
 15597 | Lair:5   | Killed an eight-headed hydra
 16211 | Lair:5   | Killed an 11-headed hydra
 16211 | Lair:5   | Reached skill level 16 in Axes
 16593 | Lair:6   | Found a hole to the Spider Nest.
 16622 | Lair:6   | Found a viscous altar of Jiyva.
 16622 | Lair:6   | Found a staircase to the Slime Pits.
 16624 | Lair:6   | Reached skill level 15 in Fighting
 16757 | Lair:6   | Gained mutation: You are robust (+10% HP). [potion of mutation]
 16757 | Lair:6   | Lost mutation: You are robust (+10% HP). [potion of mutation]
 17115 | Lair:6   | Reached XP level 13. HP: 114/126 MP: 10/12
 18057 | Lair:7   | Reached skill level 17 in Axes
 19175 | Lair:8   | Entered Level 8 of the Lair of Beasts
 19292 | Lair:8   | Noticed a dire elephant
 19307 | Lair:8   | Killed a dire elephant
 19523 | Lair:8   | Found a burning altar of Makhleb.
 19530 | Lair:8   | Reached skill level 18 in Axes
 19543 | Lair:8   | Reached XP level 14. HP: 81/137 MP: 7/13
 19706 | Lair:8   | Found a gateway to Hell.
 19717 | Lair:8   | Got a warped broad axe
 20704 | Hell     | Entered the Vestibule of Hell
 20704 | Hell     | Noticed Geryon
 21557 | D:11     | Received a gift from Trog
 21907 | D:11     | Reached skill level 15 in Armour
 22392 | D:11     | Reached skill level 19 in Axes
 22815 | D:12     | Reached ****** piety under Trog
 23332 | D:13     | Noticed Nessos
 23347 | D:13     | Killed Nessos
 23867 | D:13     | Received a gift from Trog
 24547 | D:13     | Received a gift from Trog
 24995 | D:14     | Reached XP level 15. HP: 147/147 MP: 12/14
 25282 | D:14     | Found a gate to the Vaults.
 25483 | D:14     | Noticed Frances
 25492 | D:14     | Killed Frances
 25492 | D:14     | Reached skill level 20 in Axes
 25916 | D:15     | Entered Level 15 of the Dungeon
 26005 | D:15     | Received a gift from Trog
 26006 | D:15     | Got an ivory battleaxe {god gift}
 26007 | D:15     | Identified the +8 battleaxe of Ruination {flame, MR+} (Trog gifted it to you on level 15 of the Dungeon)
 26148 | D:15     | Found a staircase to the Depths.
 26411 | Depths:1 | Entered Level 1 of the Depths
 26411 | Depths:1 | Found a one-way gate to the infinite horrors of the Abyss.
 26773 | Depths:1 | Hit by a large rock thrown by a stone giant

Action                   |  1- 3 |  4- 6 |  7- 9 | 10-12 | 13-15 || total
-------------------------+-------+-------+-------+-------+-------++-------
Melee: Hand axe          |    70 |   202 |   335 |    66 |       ||   673
       Battleaxe         |       |       |       |   354 |    40 ||   394
       War axe           |       |       |       |    41 |       ||    41
       Executioner's axe |       |       |       |   141 |   562 ||   703
Throw: Throwing net      |       |       |       |     1 |       ||     1
Invok: Berserk           |     1 |     2 |     3 |     7 |     5 ||    18
       Burn Spellbooks   |       |     1 |       |     1 |     1 ||     3
       Brothers in Arms  |       |       |       |     5 |     9 ||    14
       Trog's Hand       |       |       |       |       |     1 ||     1
 Abil: Spit Poison       |       |       |       |     1 |     1 ||     2
Evoke: Wand              |       |       |       |    18 |    10 ||    28
       Deck              |       |       |       |     1 |       ||     1
  Use: Scroll            |     3 |     9 |     4 |    18 |    12 ||    46
       Potion            |       |     2 |     4 |     6 |     1 ||    13
 Stab: Distracted        |       |       |       |     1 |       ||     1
       Invisible         |       |       |       |     2 |       ||     2
  Eat: Chunk             |       |    10 |     7 |    14 |    16 ||    47
       Beef jerky        |       |     1 |     1 |       |     2 ||     4
       Meat ration       |       |       |     2 |     3 |     1 ||     6
       Bread ration      |       |       |       |     3 |     2 ||     5
       Royal jelly       |       |       |       |     1 |     2 ||     3
       Pizza             |       |       |       |     3 |     5 ||     8
       Fruit             |       |       |       |       |     1 ||     1
